AoeStats
← AxingQuestions

Hideout

503214944Analyzed
4v4 RM · 1mo ago on Aug 30, 2026· 24m 23s· 8 players
Game mode
Random Map
Map size
Large (8 player)
Population
200
Speed
Normal
Resources
Standard
Victory
Conquest
Starting age
Dark Age
Ending age
Imperial Age
RankedLock teamsTeams togetherTeam positionsShared explorationLock speedFull tech treeHidden civsTurbo modeCheats
Victory
Defeat
🇨🇴 Saracens · Colombia
1205
+17
🇺🇸 Magyars · United States
1200
+17
🇨🇳 Italians · China
1161
+19
🇨🇭 Mongols · Switzerland
1154
+19
🇫🇷 Vietnamese · France
1235
-19
🇺🇸 Franks · United States
1216
-18
🇩🇰 Wu · Denmark
1213
-18
🇨🇴 Inca · Colombia
1208
-17
AxingQuestions
3:42 Loom
10:54 Feudal Age
12:43 Wheelbarrow
15:07 Castle Age
13:24 Double-Bit Axe
16:33 Bow Saw
22:01 Hand Cart
23:26 Gold Mining
Little Bill Daggett
11:12 Feudal Age
15:03 Castle Age
13:14 Double-Bit Axe
13:10 Horse Collar
14:16 Gold Mining
22:08 Loom
23:59 Heavy Plow
24:35 Wheelbarrow
23:46 Town Watch
Diegonorreea
10:22 Feudal Age
10:40 Loom
11:34 Champi Runner
12:36 Scale Mail Armor
12:36 Padded Archer Armor
18:00 Forging
Kvaratskhelia
9:15 Feudal Age
10:04 Double-Bit Axe
11:32 Horse Collar
14:13 Loom
15:07 Wheelbarrow
15:49 Fletching
15:53 Loom
19:45 Castle Age
18:07 Gold Mining
19:38 Padded Archer Armor
19:55 Crossbowman
20:32 Bodkin Arrow
21:25 Bow Saw
ShadedKnight
10:42 Feudal Age
11:54 Double-Bit Axe
13:44 Bloodlines
14:21 Scale Barding Armor
15:05 Wheelbarrow
14:35 Horse Collar
22:32 Castle Age
22:17 Loom
23:43 Bow Saw
23:36 Heavy Plow
23:29 Stone Mining
23:47 Husbandry
24:05 Gold Mining
[NuMa] cristo22B
6:19 Loom
9:39 Feudal Age
13:56 Double-Bit Axe
14:03 Gold Mining
16:13 Fletching
17:52 Padded Archer Armor
24:03 Castle Age
23:19 Horse Collar
luca.1104
7:38 Loom
10:10 Feudal Age
11:21 Double-Bit Axe
14:00 Fletching
18:02 Castle Age
17:59 Horse Collar
18:06 Crossbowman
18:44 Bodkin Arrow
省委高育良
10:39 Feudal Age
14:45 Castle Age
12:40 Double-Bit Axe
12:36 Horse Collar
17:52 Stone Mining
24:18 Heavy Plow
Connection lost

Rejoining the realm…

Still unreachable

The connection could not be restored.

Session expired

The server has moved on; the page needs a fresh start.